 Dungeon Crawl Stone Soup version 0.16.1-7-g2c6721e (webtiles) character file.

208 jacksonaction the Conjurer (level 5, -2/28 HPs)
             Began as a Gargoyle Wizard on Mar 29, 2015.
             Was a Follower of Cheibriados.
             Slain by Grinder (6 damage)
             ... on level 3 of the Dungeon.
             The game lasted 00:31:30 (4386 turns).

jacksonaction the Conjurer (Gargoyle Wizard)        Turns: 4386, Time: 00:31:31

Health: -2/28      AC:  6    Str: 13    XL:     5   Next: 86%
Magic:  9/11       EV: 12    Int: 23    God:    Cheibriados [*.....]
Gold:   172        SH:  0    Dex: 11    Spells: 4 memorised, 2 levels left

rFire  . . .     SeeInvis .     (no weapon)
rCold  . . .     Clarity  .     a - +0 robe
rNeg   + . .     SustAb   .     (no shield)
rPois  ∞         Gourm    .     b - +0 hat
rElec  +         Spirit   .     (no cloak)
rCorr  .         Warding  .     (no gloves)
rMut   .         Stasis   .     (no boots)
MR     .....                    (no amulet)
Stlth  ++........               (no ring)
                                (no ring)

@: very slow, not resistant to hostile enchantments, unstealthy
A: negative energy resistance 1, electricity resistance, unbreathing,
petrification resistance, rot immunity, AC +4
a: Bend Time, Renounce Religion


You were on level 3 of the Dungeon.
You worshipped Cheibriados.
Cheibriados was aware of your devotion.
You were hungry.

You visited 1 branch of the dungeon, and saw 3 of its levels.

You collected 172 gold pieces.

Inventory:

Armour
 a - a +0 robe (worn)
 b - a +0 hat (worn)
 h - a +0 pair of boots
Scrolls
 e - 2 scrolls of identify
 f - a scroll of noise {unknown}
 g - a scroll of remove curse {unknown}
 i - a scroll of teleportation {unknown}
 l - a scroll of enchant weapon {unknown}
 m - a scroll of enchant armour {unknown}
Potions
 j - a potion of agility {unknown}
 k - a potion of restore abilities {unknown}
 n - a potion of flight {unknown}
Books
 c - a book of Minor Magic

   Spells                             Type                      Level
   a - Magic Dart                     Conjuration                  1
   b - Blink                          Translocation                2
   c - Call Imp                       Summoning                    2
   d - Repel Missiles                 Charms/Air                   2
   e - Slow                           Hexes                        2
   f - Conjure Flame                  Conjuration/Fire             3
   g - Mephitic Cloud                 Conjuration/Poison/Air       3
Comestibles
 d - a bread ration


   Skills:
 - Level 1.5 Dodging
 - Level 2.1 Stealth
 + Level 3.3 Spellcasting
 + Level 5.7 Conjurations
 - Level 1.0 Summonings
 - Level 0.8 Translocations
 - Level 0.4 Invocations


You had 2 spell levels left.
You knew the following spells:

 Your Spells              Type           Power        Failure   Level  Hunger
a - Magic Dart            Conj           ####         1%          1    None
b - Call Imp              Summ           #.......     14%         2    ##.....
c - Blink                 Tloc           N/A          14%         2    ##.....
d - Mephitic Cloud        Conj/Pois/Air  ##......     17%         3    ###....


Dungeon Overview and Level Annotations

Branches:
Dungeon (3/15)

Altars:
Cheibriados
Yredelemnul
The Shining One

Annotations:
D:3 Grinder


Innate Abilities, Weirdness & Mutations

You are resistant to torment.
You are immune to poison.
Your stone body is very resilient (AC +4).
You resist negative energy.
You are resistant to electric shocks.
You can survive without breathing.
You are immune to petrification.
You are immune to rotting.


Message History

Grinder says, "I used to sell toenails on the black market."
Your crimson imp hits Grinder.
Grinder gestures.
Grinder blinks!
Grinder gestures at you.
You suddenly lose the ability to move!
Your crimson imp blinks!
Grinder gestures at you. Pain shoots through your body!
Your crimson imp hits Grinder.
A rat comes into view.
Grinder gestures at you. Pain shoots through your body!
Ouch! That really hurt!
* * * LOW HITPOINT WARNING * * *
Your crimson imp barely misses Grinder.
You can move again.
Grinder says, "I used to sell toenails on the black market."
Your crimson imp blinks!
Grinder hits you.
You die...

.#..#.## ######.####'#####
.....5)####++####.[.####......##.
###>..<).##..##.'.....#........#.
#.####.##.....#.....#...≈#...#.
#........§....#.....'..#§≈≈..#.
######.###...##.....#.§§§≈#..'.
..#........##.....#.§.#§...##
#.#.#########.....#........#
#)#.........@5.§..##......##
###'#####.....####...###'####
#.....[.'...................###
#.....###..r.####.............#
#.....# #....# #.#########.#.#
#.....###....# #.# #.#.#
#.÷.....'....####.#########.#.#
#......##...........#.......#..
#......##...######..#.#########


You could see Grinder and a rat.

Vanquished Creatures
  A hound (D:3)
  2 orc wizards (D:3)
  2 adders
  A gnoll (D:2)
  2 worms (D:2)
  3 giant mites (D:2)
  A giant gecko (D:2)
  6 orcs
  5 bats
  10 goblins
  5 hobgoblins
  2 jackals (D:3)
  A quokka (D:3)
  3 giant cockroaches (D:1)
  6 giant newts
  8 kobolds
  7 rats
65 creatures vanquished.

Vanquished Creatures (collateral kills)
  4 orcs
  A hobgoblin (D:3)
  A rat (D:2)
6 creatures vanquished.

Vanquished Creatures (others)
  A crimson imp (D:3)
  A shadow imp (D:3)
  6 white imps (D:3)
8 creatures vanquished.

Grand Total: 79 creatures vanquished

Notes
Turn   | Place    | Note
--------------------------------------------------------------
     0 | D:1      | jacksonaction, the Gargoyle Wizard, began the quest for the Orb.
     0 | D:1      | Reached XP level 1. HP: 10/10 MP: 4/4
   190 | D:1      | Reached XP level 2. HP: 15/15 MP: 3/6
   194 | D:1      | Learned a level 2 spell: Call Imp
   212 | D:1      | Reached skill level 1 in Summonings
   391 | D:1      | Learned a level 2 spell: Blink
  1028 | D:1      | Reached XP level 3. HP: 19/19 MP: 5/7
  1255 | D:2      | Found a snail-covered altar of Cheibriados.
  1352 | D:2      | Found a basalt altar of Yredelemnul.
  1353 | D:2      | Noticed a profane servitor
  1367 | D:2      | Found a glowing golden altar of the Shining One.
  1368 | D:2      | Noticed an angel
  1422 | D:2      | Became a worshipper of Cheibriados the Contemplative
  1756 | D:2      | Reached skill level 4 in Conjurations
  1805 | D:2      | Reached XP level 4. HP: 24/24 MP: 7/9
  3176 | D:3      | Reached skill level 5 in Conjurations
  3176 | D:3      | Reached XP level 5. HP: 26/28 MP: 2/11
  3370 | D:3      | Acquired Cheibriados' first power
  3390 | D:3      | Learned a level 3 spell: Mephitic Cloud
  3771 | D:3      | Noticed Grinder
  3783 | D:3      | Paralysed by Grinder for 6 turns
  3793 | D:3      | Paralysed by Grinder for 7 turns
  4107 | D:3      | Paralysed by Grinder for 6 turns
  4374 | D:3      | Paralysed by Grinder for 3 turns
  4382 | D:3      | Paralysed by Grinder for 4 turns
  4386 | D:3      | Slain by Grinder

Action                   |  1- 3 |  4- 6 || total
-------------------------+-------+-------++-------
Melee: Unarmed           |     4 |     2 ||     6
 Cast: Magic Dart        |    66 |    99 ||   165
       Call Imp          |     1 |    24 ||    25
       Blink             |       |     1 ||     1
  Use: Scroll            |       |     1 ||     1
  Eat: Chunk             |     2 |     3 ||     5
       Bread ration      |       |     1 ||     1
